 Dungeon Sprint DCSS version 0.26-a0-651-gb41185065b (webtiles) character file.

Game seed: 7082915217465304262

1841 sahdkjhfkaj the Earth Mage (level 9, -2/45 HPs)
             Began as a Gargoyle Earth Elementalist on Sept 30, 2020.
             Was a High Priest of Sif Muna.
             Slain by an orc knight
             ... wielding a +0 long sword
              (19 damage)
             ... in the Dungeon (Sprint VII: "The Pits").
             The game lasted 00:03:39 (1929 turns).

sahdkjhfkaj the Earth Mage (GrEE)                   Turns: 1929, Time: 00:03:40

Health: -2/45      AC:  9    Str: 11    XL:     9   Next: 12%
Magic:  3/24       EV: 12    Int: 20    God:    Sif Muna [*****.]
Gold:   0          SH:  0    Dex: 10    Spells: 19/30 levels left

rFire    . . .     SeeInvis .   p - +2 scimitar (holy)
rCold    . . .     Faith    .   (no shield)
rNeg     + . .     Spirit   .   c - +0 robe
rPois    ∞         Reflect  .   (no helmet)
rElec    +         Harm     .   r - +0 cloak
rCorr    .         Rampage  .   (no gloves)
MR       .....     NoTele   +   (no boots)
Stlth    ++........             (no amulet)
HPRegen  0.15/turn              (no ring)
MPRegen  0.19/turn              (no ring)

@: no status effects
A: negative energy resistance 1, electricity resistance, unbreathing,
petrification resistance, rot immunity, AC +6
a: Channel Magic, Forget Spell, Divine Exegesis, Renounce Religion


You were in the Dungeon.
You worshipped Sif Muna.
Sif Muna was extremely pleased with you.
You visited 1 branch

Inventory:

Hand Weapons
 p - a +2 scimitar of holy wrath (weapon)
Missiles
 b - 23 stones (quivered)
Armour
 c - a +0 robe (worn)
 r - a +0 cloak (worn)
Jewellery
 l - a +3 ring of protection
 n - a +3 ring of evasion
Scrolls
 i - a scroll of blinking
 j - 3 scrolls of remove curse
 k - 5 scrolls of amnesia
 m - 2 scrolls of vulnerability
Potions
 a - 2 potions of invisibility
 d - 6 potions of curing
 e - 5 potions of heal wounds
 f - 3 potions of haste
 g - 4 potions of magic
 h - 6 potions of berserk rage
 o - 3 potions of brilliance
 q - a potion of mutation


   Skills:
 - Level 1.5 Dodging
 - Level 2.1 Stealth
 - Level 11.2 Spellcasting
 + Level 0.7 Translocations
   Level 0.7 Transmutations
 - Level 15.6 Earth Magic
 + Level 8.9 Invocations


You had 19 spell levels left.
You knew the following spells:

 Your Spells              Type           Power        Failure   Level
a - Sandblast             Erth           ######       0%          1
b - Stone Arrow           Conj/Erth      #####.       1%          3
c - Blink                 Tloc           N/A          7%          2
e - Lee's Rapid Deconstr  Erth           ######....   1%          5

Your spell library contained the following spells:

 Spells                   Type           Power        Failure   Level
 Passwall                 Tmut/Erth      #####...     1%          2
 Petrify                  Tmut/Erth      #####...     1%          4
 Leda's Liquefaction      Hex/Erth       #####.....   2%          4
 Gell's Gravitas          Tloc           ##........   14%         3
 Lesser Beckoning         Tloc           ##........   14%         3
 Passage of Golubria      Tloc           N/A          41%         4
 Summon Mana Viper        Hex/Summ       ##......     86%         5


Dungeon Overview and Level Annotations

Branches:
Dungeon (1/1)

Altars:
Ashenzari
Cheibriados
Dithmenos
Elyvilon
Fedhas
Gozag
Hepliaklqana
Kikubaaqudgha
Makhleb
Nemelex Xobeh
Okawaru
Qazlal
Ru
Sif Muna
Trog
Uskayaw
Vehumet
Wu Jian
Xom
Yredelemnul
Zin
The Shining One
Beogh
Jiyva
Lugonu

Annotations:
D Psyche


Innate Abilities, Weirdness & Mutations

You are resistant to torment.
Your stone body is resilient. (AC +6)
You are immune to poison.
You resist negative energy. (rN+)
You are resistant to electric shocks. (rElec)
You can survive without breathing.
You are immune to petrification.
You are immune to rotting.


Message History

You kill the orc!
Sif Muna accepts your kill.
The orc knight hits you but does no damage.
Unknown command.
Unknown command.
Casting: Lee's Rapid Deconstruction (dangerous; 1% risk of failure)
Confirm with . or Enter, or press ? or * to list all spells.
Aiming: Lee's Rapid Deconstruction (dangerous; 1% risk of failure)
Press: ? - help, Dir - move target cursor A metal wall.
The metal wall shatters!
The blast of metal fragments hits the orc knight.
The orc knight is almost dead.
The blast of metal fragments hits the warg!!
The warg is severely wounded.
Unknown command.
Unknown command.
Unknown command.
The orc knight hits you with a +0 long sword!!
You die...

############
#_________.#
#_________.#
#_______...##########
##########'##........
#....')))'.##......#.
##########.##...h....
#...@oh)....'........
#'#####'#####......#.
#.#..#.....##........
#†#))#####'#####'####
#.#))#.....##.......#
#.#))#.)...##.......#
#.#[[###'####.......#
#.##'#†.††.##...<...#
#.#........##.......#


You could see an orc knight and a warg.

Vanquished Creatures
  A swamp dragon (D)
  An elephant (D)
  An ice devil (D)
  Prince Ribbit (D)
  Edmund (D)
  A water moccasin (D)
  A sky beast (D)
  A crimson imp (D)
  An orc priest (D)
  An iguana (D)
  A worker ant (D)
  A gnoll (D)
  An adder (D)
  2 ufetubi (D)
  A worm (D)
  An orc (D)
  A bat zombie (D)
  2 quokkas (D)
  A ball python (D)
  A rat (D)
22 creatures vanquished.

Vanquished Creatures (collateral kills)
  A porcupine (D)
  A black bear (D)
  A quasit (D)
  An iron imp (D)
  An ufetubus (D)
5 creatures vanquished.

Grand Total: 27 creatures vanquished

Notes
Turn   | Place    | Note
-------+----------+-------------------------------------------
     0 | D        | sahdkjhfkaj the Gargoyle Earth Elementalist began the quest
                  | for the Orb.
     0 | D        | Reached XP level 1. HP: 10/10 MP: 3/3
    14 | D        | Reached skill level 5 in Earth Magic
    31 | D        | Found a bloodstained altar of Trog.
    31 | D        | Found a shimmering blue altar of Sif Muna.
    31 | D        | Found a viscous altar of Jiyva.
    31 | D        | Found a hazy altar of Hepliaklqana.
    31 | D        | Found an opulent altar of Gozag.
    32 | D        | Found a glowing golden altar of the Shining One.
    32 | D        | Found a glowing silver altar of Zin.
    32 | D        | Found a basalt altar of Yredelemnul.
    32 | D        | Found a shimmering altar of Xom.
    32 | D        | Found an ornate altar of the Wu Jian Council.
    32 | D        | Found a sacrificial altar of Ru.
    32 | D        | Found a stormy altar of Qazlal.
    32 | D        | Found an iron altar of Okawaru.
    32 | D        | Found a sparkling altar of Nemelex Xobeh.
    32 | D        | Found a burning altar of Makhleb.
    32 | D        | Found a blossoming altar of Fedhas.
    32 | D        | Found a white marble altar of Elyvilon.
    32 | D        | Found a shadowy altar of Dithmenos.
    32 | D        | Found a snail-covered altar of Cheibriados.
    33 | D        | Found a radiant altar of Vehumet.
    33 | D        | Found a corrupted altar of Lugonu.
    33 | D        | Found a roughly hewn altar of Beogh.
    34 | D        | Found a hide-covered altar of Uskayaw.
    34 | D        | Found an ancient bone altar of Kikubaaqudgha.
    34 | D        | Found a broken altar of Ashenzari.
    36 | D        | Became a worshipper of Sif Muna the Loreminder
    67 | D        | Reached XP level 2. HP: 15/15 MP: 3/5
    90 | D        | Reached skill level 6 in Earth Magic
   107 | D        | Reached * piety under Sif Muna
   107 | D        | Reached skill level 8 in Earth Magic
   107 | D        | Reached XP level 3. HP: 19/19 MP: 2/6
   112 | D        | Learned a level 3 spell: Stone Arrow
   164 | D        | Reached ** piety under Sif Muna
   320 | D        | Noticed a black bear
   321 | D        | Noticed a porcupine
   333 | D        | Reached skill level 9 in Earth Magic
   333 | D        | Reached XP level 4. HP: 18/24 MP: 1/9
   335 | D        | Reached *** piety under Sif Muna
   343 | D        | Killed a black bear
   343 | D        | Reached skill level 5 in Spellcasting
   343 | D        | Reached skill level 10 in Earth Magic
   343 | D        | Reached XP level 5. HP: 22/28 MP: 2/13
   344 | D        | Killed a porcupine
   344 | D        | Reached skill level 11 in Earth Magic
   433 | D        | Learned a level 5 spell: Lee's Rapid Deconstruction
   445 | D        | Noticed Prince Ribbit
   447 | D        | Killed Prince Ribbit
   447 | D        | Reached **** piety under Sif Muna
   447 | D        | Reached skill level 13 in Earth Magic
   447 | D        | Reached XP level 6. HP: 32/32 MP: 4/17
   539 | D        | Noticed Edmund
   542 | D        | Killed Edmund
   542 | D        | Reached XP level 7. HP: 36/36 MP: 2/19
   647 | D        | Noticed a swamp dragon
   650 | D        | Killed a swamp dragon
   650 | D        | Reached skill level 10 in Spellcasting
   650 | D        | Reached skill level 15 in Earth Magic
   650 | D        | Reached XP level 8. HP: 41/41 MP: 4/22
   754 | D        | Reached ***** piety under Sif Muna
   835 | D        | Noticed an elephant
   835 | D        | Noticed an ice devil
   860 | D        | Killed an ice devil
   860 | D        | Identified Sif Muna's Tome of Malediction and the Voyage
                  | (Sif Muna gifted it to you in the Dungeon)
   860 | D        | Received a gift from Sif Muna
   860 | D        | Reached skill level 5 in Invocations
   866 | D        | Killed an elephant
   866 | D        | Reached XP level 9. HP: 32/45 MP: 0/24
  1038 | D        | Learned a level 2 spell: Blink
  1090 | D        | Noticed Psyche
  1090 | D        | Noticed a demonic crawler
  1803 | D        | Noticed an orc sorcerer
  1909 | D        | Noticed an orc knight
  1929 | D        | Slain by an orc knight

Illustrated notes

Levels and vault maps discovered:
D:        pitsprint [storerooms_1, entrance_room_1, metal_vault_7, armoury_1,
          mini_pit_1, grid_room_1, main_hall_1, silver_pit, the_coven_1,
          the_vestibule_1, steel_vault_3, golden_pit, hallway_of_sentries,
          crystal_vault_5, iron_vault_2, final_vault]

Skill      XL: |  1  2  3  4  5  6  7  8 |
---------------+-------------------------+-----
Earth Magic    | 5 8 9 10 13 15 | 15.6
Spellcasting   | 3 5 8 9 10 11 | 11.2
Invocations    | 8 |  8.9
Dodging        | |  1.5
Stealth        | |  2.1
Translocations | |  0.7
Transmutations | |  0.7

Action                   |  1- 3 |  4- 6 |  7- 9 || total
-------------------------+-------+-------+-------++-------
Melee: Unarmed           |     4 |       |       ||     4
 Cast: Sandblast         |    14 |       |     3 ||    17
       Stone Arrow       |     1 |       |     3 ||     4
       Lee's Rapid Decon |       |     4 |    18 ||    22
Invok: Channel Magic     |       |       |     2 ||     2
  Use: Scroll            |     1 |       |       ||     1
       Potion            |       |       |     1 ||     1
Armor: Robe              |     6 |       |     4 ||    10
Dodge: Dodged            |    19 |     1 |     8 ||    28

Table legend: (Time is in decaauts)
 A = Elapsed time spent in this place.
 B = Non-inter-level travel time spent in this place.
 C = Inter-level travel time spent in this place.
 D = Time resting spent in this place.
 E = Time spent auto-exploring this place.
 F = Levels seen in this place.
 G = Mean time per level.
                   A        B        C        D        E       F      G
               +--------+--------+--------+--------+--------+-----+--------+
         Total |   1928 |   1856 |     72 |   1501 |      0 |   1 | 1928.0 |
       Dungeon |   1928 |   1856 |     72 |   1501 |      0 |   1 | 1928.0 |
               +--------+--------+--------+--------+--------+-----+--------+

Top non-repeatable levels by time:
       D: 1928 daAuts
